 Dungeon Crawl Stone Soup version 0.28-a0-1199-gef9e1dbd39 (webtiles) character file.

Game seed: 6660119591796896994

2965 Turgor the Conjurer (level 9, 0/68 HPs)
             Began as a Demonspawn Hedge Wizard on Dec 19, 2021.
             Slain by a troll (4 damage)
             ... on level 6 of the Dungeon.
             The game lasted 01:04:56 (7476 turns).

Turgor the Conjurer (Demonspawn Hedge Wizard)       Turns: 7476, Time: 01:04:56

Health: 0/68       AC:  9    Str: 11    XL:     9   Next: 52%
Magic:  2/16       EV: 11    Int: 20    God:
Gold:   366        SH:  0    Dex: 12    Spells: 10/18 levels left

rFire   + . .      SeeInvis +   b - +1 war axe (freeze)
rCold   + . .      Faith    .   (no shield)
rNeg    . . .      Spirit   .   B - +0 leather armour {rF+}
rPois   .          Reflect  .   c - +0 hat
rElec   .          Harm     .   (no cloak)
rCorr   .          Rampage  .   (no gloves)
Will    .....                   (no boots)
Stlth   ++........              y - amulet of the acrobat
HPRegen 0.21/turn               v - +4 ring of protection
MPRegen 0.15/turn               D - ring of Coronation {rC+ SInv}

@: mighty, very slightly contaminated
A: rugged brown scales 2, powered by death 1, demonic touch 2
a: no special abilities


You were on level 6 of the Dungeon.
You visited 1 branch of the dungeon, and saw 6 of its levels.

You collected 366 gold pieces.

Inventory:

Hand Weapons
 b - a +1 war axe of freezing (weapon)
 p - a +2 spear of flaming
 u - a +2 whip of electrocution
 z - a +2 dagger of venom
 C - a +2 vampiric short sword
 F - a +2 short sword of flaming
Missiles
 a - 5 silver javelins
 f - 8 poisoned darts (quivered)
 q - 5 atropa-tipped darts
 G - 4 javelins
Armour
 c - a +0 hat (worn)
 B - a +0 leather armour of fire resistance (worn)
Magical Staves
 d - a staff of air
Jewellery
 v - a +4 ring of protection (left hand)
 y - an amulet of the acrobat (around neck)
 D - the ring of Coronation (right hand) {rC+ SInv}
   (You found it on level 5 of the Dungeon)

   [ring of see invisible]

   rC:        It protects you from cold.
   SInv:      It lets you see invisible.
Wands
 m - a wand of iceblast (7)
 n - a wand of polymorph (6)
Scrolls
 e - a scroll of enchant armour {unknown}
 i - a scroll of immolation {unknown}
 j - a scroll of silence {unknown}
 k - 2 scrolls of teleportation {unknown}
 r - a scroll of amnesia {unknown}
 t - a scroll of fog {unknown}
 w - a scroll of torment {unknown}
 x - a scroll of vulnerability {unknown}
 E - a scroll of fear {unknown}
Potions
 g - 2 potions of attraction
 h - a potion of brilliance
 l - a potion of might
 o - a potion of lignification
 s - 2 potions of mutation {unknown}
 A - a potion of heal wounds


   Skills:
 + Level 4.3 Fighting
 * Level 3.1 Axes
 + Level 1.4 Throwing
 + Level 1.4 Armour
 - Level 2.0 Dodging
 - Level 2.0 Stealth
 + Level 5.1 Spellcasting
 + Level 5.9 Conjurations
 - Level 1.4 Summonings
 - Level 1.3 Translocations
 * Level 5.3 Air Magic
 * Level 5.9 Poison Magic


You had 10 spell levels left.
You knew the following spells:

 Your Spells              Type           Power      Damage    Failure   Level
a - Magic Dart            Conj           100%       1d8       1%          1
b - Call Imp              Summ           10%        N/A       13%         2
c - Blink                 Tloc           20%        N/A       13%         2
d - Mephitic Cloud        Conj/Pois/Air  28%        N/A       4%          3

Your spell library contained the following spells:

 Spells                   Type           Power      Damage    Failure   Level
 Conjure Flame            Conj/Fire      16%        6-21      14%         3
 Slow                     Hex            20%        N/A       16%         1


Dungeon Overview and Level Annotations

Branches:
Dungeon (6/15)
 Temple: D:4-7

Altars:
Makhleb


Innate Abilities, Weirdness & Mutations

You are mostly covered in rugged brown scales. (AC +2, +5% HP)
You regenerate a little health from kills.
Your touch may inflict irresistible damage on your foes.


Message History

The troll claws your crimson imp but does no damage.
The troll misses your crimson imp.
Your crimson imp hits the troll but does no damage.
The troll bites your crimson imp!!
Your crimson imp dies!
Your crimson imp disappears in a puff of smoke!
Things that are here:
a +0 halberd; a +0 chain mail
There is an open door here.
Casting: Call Imp (safe; 13% risk of failure)
Confirm with . or Enter, or press ? or * to list all spells.
You miscast Call Imp.
Nothing appears to happen.
The troll bites you. The troll claws you.
The troll claws you but does no damage.
Casting: Call Imp (safe; 13% risk of failure)
Confirm with . or Enter, or press ? or * to list all spells.
You miscast Call Imp.
Nothing appears to happen.
The troll barely misses you. The troll claws you but does no damage.
The troll completely misses you.
Casting: Call Imp (safe; 13% risk of failure)
Confirm with . or Enter, or press ? or * to list all spells.
You don't have enough magic to cast this spell.
Okay, then.
You feel much better. The troll bites you!
The troll claws you but does no damage. x2
You feel very mighty all of a sudden. The troll bites you! The troll claws you.
The troll claws you but does no damage.
You are too injured to fight recklessly!
You are too injured to fight recklessly!
You are too injured to fight recklessly!
You completely miss the troll.
You touch the troll.
The troll is lightly wounded.
The troll bites you. The troll claws you!
* * * LOW HITPOINT WARNING * * *
The troll claws you but does no damage.
You slash the troll! You freeze the troll.
The troll is heavily wounded.
The troll bites you!
* * * LOW HITPOINT WARNING * * *
The troll claws you.
You die...

#..#..##≈≈
.≈!:≈##≈#....####
#..#...##≈#
..≈≈≈S#)######
........#≈#
....(S#.#
###.#####.#
.PP$≈≈#.#
#.#####..
...≈≈##'##
###.##..##.
######...#
.##.##)#.#
#.##..##
.##......#
#.T..##
.##......#
##@####
.###.....# #..#
.# #.....# #.##
.# #.....# #.# ##
####### #.#
###### #.#
.....###### #.#
####......# #.#
####.####.#####.#


You could see a troll.

Vanquished Creatures
  Pikel (D:5)
  Grinder (D:5)
  An acid dragon (D:4)
  Duvessa (D:6)
  An orc warrior (D:6)
  A sky beast (D:6)
  A black bear (D:4)
  An ice beast (D:6)
  An ogre (D:6)
  A necrophage (D:5)
  A centaur (D:5)
  Blork the orc (D:6)
  A bullfrog (D:6)
  A gnoll sergeant (D:5)
  3 scorpions
  Dowan (D:6)
  A water moccasin skeleton (D:4)
  A centaur zombie (D:5)
  2 hounds
  A jelly (D:6)
  An orc priest (D:3)
  2 bullfrog skeletons
  2 centaur skeletons
  2 iguanas
  4 orc wizards
  A hound skeleton (D:4)
  3 adders
  9 gnolls
  A white imp (D:5)
  2 ufetubi
  A worm (D:2)
  3 dart slugs
  21 orcs
  5 ball pythons
  6 bats (D:1)
  An endoplasm (D:1)
  2 giant cockroaches
  4 goblins
  3 hobgoblins
  2 jackals (D:4)
  3 kobolds
  A frilled lizard (D:2)
  2 rats (D:1)
104 creatures vanquished.

Vanquished Creatures (collateral kills)
  2 ogres
  A bullfrog (D:4)
  A water moccasin skeleton (D:4)
  A centaur skeleton (D:4)
  2 orc priests
  Robin (D:2)
  3 orcs
  An endoplasm (D:4)
  5 goblins
  2 hobgoblins
19 creatures vanquished.

Vanquished Creatures (others)
  4 fungi (D:5)
  4 toadstools (D:5)
8 creatures vanquished.

Grand Total: 131 creatures vanquished

Notes
Turn   | Place    | Note
-------+----------+-------------------------------------------
     0 | D:1      | Turgor the Demonspawn Hedge Wizard began the quest for the
                  | Orb.
     0 | D:1      | Reached XP level 1. HP: 13/13 MP: 4/4
   394 | D:1      | Gained mutation: You are partially covered in rugged brown
                  | scales. (AC +1, +3% HP) [demonic ancestry]
   394 | D:1      | Reached XP level 2. HP: 14/20 MP: 4/6
  1003 | D:2      | Learned a level 2 spell: Call Imp
  1006 | D:2      | Learned a level 2 spell: Blink
  1064 | D:2      | Reached skill level 1 in Fighting
  1271 | D:2      | Reached skill level 1 in Translocations
  1318 | D:2      | Noticed an ogre
  1580 | D:2      | Noticed Robin
  1589 | D:2      | Killed Robin
  1590 | D:2      | Reached XP level 3. HP: 20/26 MP: 4/7
  1680 | D:2      | Learned a level 3 spell: Mephitic Cloud
  1899 | D:2      | Found a faded altar of an unknown god.
  2149 | D:2      | Killed an ogre
  2150 | D:2      | Reached skill level 1 in Air Magic
  2150 | D:2      | Reached skill level 1 in Poison Magic
  2150 | D:2      | Gained mutation: You regenerate a little health from kills.
                  | [demonic ancestry]
  2150 | D:2      | Reached XP level 4. HP: 7/32 MP: 6/9
  2413 | D:3      | Gained mutation: Your touch may inflict minor irresistible
                  | damage on your foes. [demonic ancestry]
  2413 | D:3      | Reached XP level 5. HP: 33/38 MP: 0/10
  2861 | D:3      | Reached XP level 6. HP: 45/45 MP: 9/11
  3186 | D:4      | Gained mutation: You are mostly covered in rugged brown
                  | scales. (AC +2, +5% HP) [demonic ancestry]
  3186 | D:4      | Reached XP level 7. HP: 40/53 MP: 4/12
  3600 | D:4      | Noticed Ijyb
  3602 | D:4      | Noticed Ijyb
  3602 | D:4      | Ijyb changed into Ijyb the acid dragon
  3628 | D:4      | Killed Ijyb the acid dragon
  4405 | D:5      | Entered Level 5 of the Dungeon
  4482 | D:5      | HP: 2/79 [centaur/arrow (8)]
  4756 | D:5      | Noticed Pikel
  4766 | D:5      | Reached XP level 8. HP: 60/60 MP: 7/14
  5158 | D:5      | Killed Pikel
  5159 | D:5      | Reached skill level 1 in Axes
  5159 | D:5      | Reached skill level 5 in Conjurations
  5258 | D:5      | Reached skill level 5 in Poison Magic
  5456 | D:5      | Noticed Grinder
  6181 | D:5      | Identified the ring of Coronation {rC+ SInv}
  6215 | D:5      | Paralysed by Grinder for 6 turns
  6221 | D:5      | Killed Grinder
  6222 | D:5      | Gained mutation: Your touch may inflict irresistible damage
                  | on your foes. [demonic ancestry]
  6222 | D:5      | Reached XP level 9. HP: 48/68 MP: 8/16
  6468 | D:6      | Noticed Dowan
  6472 | D:6      | Noticed Duvessa
  6478 | D:6      | Killed Dowan
  6485 | D:6      | Reached skill level 5 in Air Magic
  6506 | D:6      | Killed Duvessa
  6507 | D:6      | Reached skill level 1 in Armour
  6594 | D:6      | Reached skill level 1 in Throwing
  6708 | D:6      | Noticed Blork the orc
  6718 | D:6      | Killed Blork the orc
  6719 | D:6      | Reached skill level 5 in Spellcasting
  7188 | D:6      | Found a burning altar of Makhleb.
  7420 | D:6      | Noticed a troll
  7476 | D:6      | Slain by a troll

Illustrated notes

Levels and vault maps discovered:
D:1:      lemuel_arrival_lava_pool, layout_basic, corexii_corridor_pit
D:2:      layout_loops_ring, shapermc_ecumenical_altar_mp_highgroup, uniq_robin
D:3:      layout_rooms
D:4:      wander_river, layout_cave_pools, uniq_ijyb
D:5:      layout_cave_pods, minmay_gold_behind_fungi, uniq_grinder, uniq_pikel
D:6:      cheibrodos_two_vegetables, layout_loops_cross, bloody_makhleb,
          hangedman_abyss_or_decor_passed, uniq_duvessa, uniq_blork_the_orc

Skill      XL: |  1  2  3  4  5  6  7  8  9 |
---------------+----------------------------+-----
Stealth        | 2 |  2.0
Dodging        | 2 |  2.0
Fighting       | 1 2 3 4 |  4.3
Translocations | 1 |  1.3
Conjurations   | 2 3 4 5 |  5.9
Air Magic      | 1 2 3 4 5 |  5.3
Poison Magic   | 1 2 3 4 5 |  5.9
Spellcasting   | 4 5 |  5.1
Axes           | 2 3 |  3.1
Armour         | 1 |  1.4
Throwing       | 1 |  1.4
Summonings     | |  1.4

Action                   |  1- 3 |  4- 6 |  7- 9 || total
-------------------------+-------+-------+-------++-------
Melee: Dagger            |    13 |     2 |       ||    15
       Unarmed           |     1 |       |       ||     1
       Rapier            |       |    33 |    34 ||    67
       Touch             |       |     6 |    42 ||    48
       War axe           |       |       |   125 ||   125
       Short sword       |       |       |     8 ||     8
Throw: Dart              |    19 |    10 |    40 ||    69
       Stone             |     1 |       |       ||     1
       Javelin           |       |       |     7 ||     7
 Cast: Magic Dart        |    38 |    30 |    56 ||   124
       Call Imp          |     3 |     6 |    21 ||    30
       Blink             |       |     1 |     3 ||     4
       Mephitic Cloud    |       |     3 |    23 ||    26
Evoke: Wand              |     2 |       |    14 ||    16
  Use: Scroll            |       |     2 |     2 ||     4
       Potion            |       |       |     4 ||     4
 Stab: Sleeping          |     1 |       |       ||     1
       Distracted        |       |     2 |       ||     2
       Confused          |       |     2 |     7 ||     9
Armor: Robe              |     4 |     7 |     8 ||    19
       Skin              |       |       |    10 ||    10
       Leather armour    |       |       |    68 ||    68
Dodge: Dodged            |     6 |    23 |   159 ||   188

Table legend: (Time is in decaauts)
 A = Elapsed time spent in this place.
 B = Non-inter-level travel time spent in this place.
 C = Inter-level travel time spent in this place.
 D = Time resting spent in this place.
 E = Time spent auto-exploring this place.
 F = Levels seen in this place.
 G = Mean time per level.
                   A        B        C        D        E       F      G
               +--------+--------+--------+--------+--------+-----+--------+
         Total |   7577 |   7253 |    324 |   1534 |   3690 |   6 | 1262.8 |
       Dungeon |   7577 |   7253 |    324 |   1534 |   3690 |   6 | 1262.8 |
               +--------+--------+--------+--------+--------+-----+--------+

Top non-repeatable levels by time:
     D:4: 1586 daAuts
     D:5: 1458 daAuts
     D:2: 1226 daAuts
     D:1: 1175 daAuts
     D:6: 1090 daAuts
     D:3: 1040 daAuts
